 Dungeon Crawl Stone Soup version 0.29.1-1-gd02db6906a (webtiles) character file.

Game seed: 17874360973079387561

27857 Lutefisk the Martial Artist (level 13, -6/85 HPs)
             Began as an Octopode Transmuter on Oct 22, 2022.
             Was a High Priest of Hepliaklqana.
             Succumbed to a black mamba's poison
             ... on level 5 of the Lair of Beasts.
             The game lasted 01:13:50 (12069 turns).

Lutefisk the Martial Artist (Octopode Transmuter)  Turns: 12069, Time: 01:13:50

Health: -6/85      AC:  6    Str:  9    XL:     13   Next: 35%
Magic:  18/19      EV: 20    Int: 15    God:    Hepliaklqana [*****.]
Gold:   1118       SH:  0    Dex: 18    Spells: 7/20 levels left

rFire   + . .      SeeInvis .   G - +2 arbalest (freeze)
rCold   . . .      Faith    .   (shield currently unavailable)
rNeg    . . .      Spirit   .   N - +1 hat
rPois   .          Reflect  .   (no amulet)
rElec   .          Harm     .   x - ring of protection from fire
rCorr   .          Rampage  .   y - ring of wizardry
Will    .....                   D - +4 ring of protection
Stlth   ++++......              (no ring)
HPRegen 0.24/turn               (no ring)
MPRegen 0.16/turn               (no ring)
                                (no ring)
                                (no ring)

@: lethally poisoned (-6 -> -40), invisible
A: reduced essence, almost no armour, amphibious, 8 rings, camouflage 1,
gelatinous body 1, (nimble swimmer 1), tentacles
a: Renounce Religion, Recall Ancestor, Ancestor Identity, Transference, Idealise


You were on level 5 of the Lair of Beasts.
You worshipped Hepliaklqana.
Hepliaklqana was extremely pleased with you.
You visited 3 branches of the dungeon, and saw 16 of its levels.
You also visited: Bailey and Volcano.

You collected 1130 gold pieces.
You spent 12 gold pieces at shops.

Inventory:

Hand Weapons
 d - a +1 vorpal triple crossbow
 o - a +3 short sword
 G - a +2 arbalest of freezing (weapon)
 H - a +0 spear
Missiles
 t - 18 poisoned darts
 v - a boomerang
 F - 3 throwing nets
 J - 5 javelins
Armour
 N - a +1 hat (worn)
Magical Staves
 i - a staff of earth
Jewellery
 x - a ring of protection from fire (left tentacle)
 y - a ring of wizardry (right tentacle)
 D - a +4 ring of protection (on tentacle)
 S - a ring of see invisible
Wands
 z - a wand of digging (12)
 I - a wand of flame (19)
 M - a wand of paralysis (7)
 O - a wand of polymorph (1)
 P - a wand of roots (2)
 T - a wand of quicksilver (9)
Scrolls
 c - a scroll of acquirement {unknown}
 f - 3 scrolls of enchant armour
 g - 8 scrolls of teleportation
 h - 4 scrolls of silence
 m - 2 scrolls of amnesia {unknown}
 n - a scroll of magic mapping
 p - a scroll of enchant weapon {unknown}
 q - a scroll of summoning
 s - a scroll of immolation {unknown}
 w - 3 scrolls of poison
 A - a scroll of fog {unknown}
 B - a scroll of vulnerability {unknown}
 K - a scroll of torment {unknown}
 Q - a scroll of fear
Potions
 a - 5 potions of lignification
 e - 3 potions of might
 j - 3 potions of flight
 k - 3 potions of attraction
 l - 6 potions of haste
 r - a potion of berserk rage {unknown}
 u - 3 potions of brilliance
 C - 2 potions of cancellation
 E - a potion of mutation {unknown}
 L - a potion of invisibility
 R - a potion of magic {unknown}


   Skills:
 - Level 11.0 Fighting
 * Level 10.7 Dodging
 - Level 5.0 Stealth
 - Level 12.0 Unarmed Combat
 - Level 4.0 Spellcasting
 - Level 8.0 Transmutations
 - Level 1.0 Ice Magic
 - Level 3.0 Earth Magic
 - Level 2.0 Poison Magic
 - Level 5.0 Invocations
 - Level 5.0 Evocations


You had 7 spell levels left.
You knew the following spells:

 Your Spells              Type           Power      Damage    Failure   Level
a - Beastly Appendage     Tmut           54%        N/A       1%          1
b - Wereblood             Tmut           27%        N/A       1%          2
c - Spider Form           Tmut/Pois      18%        N/A       2%          3
d - Ice Form              Ice/Tmut       16%        N/A       12%         4
e - Sandblast             Erth           24%        2d8       2%          1
f - Passwall              Tmut/Erth      15%        N/A       1%          2

Your spell library contained the following spells:

 Spells                   Type           Power      Damage    Failure   Level
 Apportation              Tloc           6%         N/A       8%          1
 Necrotise                Necr           12%        1d4       8%          1
 Summon Small Mammal      Summ           12%        N/A       8%          1
 Ensorcelled Hibernation  Hex/Ice        8%         N/A       9%          2
 Stone Arrow              Conj/Erth      14%        3d7       12%         3
 Swiftness                Air            3%         N/A       21%         3
 Borgnjor's Revivificati  Necr           1%         N/A       100%        8
 Necromutation            Tmut/Necr      7%         N/A       100%        8
 Death's Door             Necr           1%         N/A       100%        9


Dungeon Overview and Level Annotations

Branches:
Dungeon (10/15)            Temple (1/1) D:5            Lair (5/5) D:9
  Swamp (0/4) Lair:3        Snake (0/4) Lair:3        Slime (0/5) Lair:4
 Bailey (visited)         Volcano (visited)
    Orc: D:9-12

Altars:
Ashenzari
Cheibriados
Dithmenos
Elyvilon
Fedhas
Gozag
Hepliaklqana
Kikubaaqudgha
Makhleb
Nemelex Xobeh
Okawaru
Qazlal
Ru
Sif Muna
Vehumet
Wu Jian
Xom
Yredelemnul
The Shining One
Jiyva

Shops:
D:4 [(   D:5 [=[   D:10 [

Annotations:
D:9 1 runed translucent door, Dregs's ghost, novice NaBr
D:10 Gastronok


Innate Abilities, Weirdness & Mutations

Your life essence is reduced to manifest your ancestor. (-10% HP)
You cannot wear most types of armour.
You are amphibious.
You can wear up to eight rings at the same time.
Your skin changes colour to match your surroundings (Stealth+).
Your rubbery body absorbs attacks. (AC +1, EV +1)
((You are camouflaged when in or above water. (Stealth+)))
You have tentacles for arms and can constrict up to eight enemies at once.


Message History

The black mamba poisons you!
Okay, then.
You hit the black mamba.
The black mamba is almost dead.
You feel extremely sick. The black mamba closely misses you.
Cuahtemoc barely misses the cane toad.
The cane toad completely misses Cuahtemoc.
Unknown command.
You bite the black mamba!
You kill the black mamba!
* * * LOW HITPOINT WARNING * * *
You feel extremely sick.
Cuahtemoc gestures at the cane toad while chanting.
The puff of frost hits the cane toad!
The cane toad stings Cuahtemoc!
Unknown command.
Really quaff the potion of lignification?
Your transformation has ended.
Your +2 arbalest of freezing unmelds from your body.
Your +1 hat unmelds from your body.
Your +2 arbalest of freezing is covered in frost.
You turn into a tree.
Your +1 hat melds into your body.
Your roots penetrate the ground.
* * * LOW HITPOINT WARNING * * *
You feel extremely sick.
The cane toad stings Cuahtemoc.
Cuahtemoc hits the cane toad with a +0 quarterstaff!
Okay, then.
It was a potion of cancellation.
Your magical effects are unravelling.
You feel magically purged.
You feel less wooden.
Your +1 hat unmelds from your body.
* * * LOW HITPOINT WARNING * * *
You feel extremely sick.
The cane toad misses Cuahtemoc.
Cuahtemoc points at the cane toad and mumbles some strange words.
The puff of frost hits the cane toad!
It was a potion of invisibility.
You fade into invisibility!
You die...

........... P
..........####.##
...........#...#
#.......#.....#
##.............#
##.P............#
##..F......P#.....
##..†R............#
#....@#.....#.#...
#....###.....# #
#...###.P.....###.
..###.......P.....
###................
#...................
#...................
####...........#..#..
####..###..P......####..


You could see the friendly Cuahtemoc the battlemage and a cane toad (unable to
see you, ally target).

Vanquished Creatures
  Snorg (Lair:4)
  2 hydras
  A two-headed ogre (D:8)
  A wizard (D:7)
  An orc knight (Bailey)
  A salamander (Volcano)
  5 black mambas
  Maggie (Lair:2)
  6 cane toads
  A meliai (shapeshifter) (D:10)
  A troll (D:10)
  A burning bush (Lair:4)
  2 hornets
  6 yaks
  A vampire (D:10)
  2 steam dragons
  An acid dragon (D:10)
  3 nagas (Lair:3)
  7 water moccasins
  An ice beast (D:7)
  4 orc warriors
  A sky beast (D:7)
  A black bear (D:7)
  2 centaurs
  A phantom (D:5)
  6 bullfrogs
  A gnoll sergeant (D:8)
  A necrophage (D:5)
  A scorpion (D:6)
  2 wights (D:8)
  2 howler monkeys
  3 killer bees
  4 jellies
  2 orc priests (D:5)
  A gnoll bouda (D:5)
  A hell rat (Lair:5)
  4 iguanas
  3 orc wizards
  8 gnolls
  2 adders
  A white imp (D:6)
  A worm (D:2)
  2 dart slugs
  25 orcs
  5 bats
  4 endoplasms
  6 goblins
  10 hobgoblins
  6 kobolds
  6 quokkas
  8 ball pythons
  2 frilled lizards
  4 rats
175 creatures vanquished.

Vanquished Creatures (collateral kills)
  A boulder beetle (Lair:2)
  A hydra (Lair:4)
  A salamander mystic (Volcano)
  A hell knight (Volcano)
  3 salamanders (Volcano)
  6 black mambas
  An elephant (Lair:5)
  4 cane toads
  A torpor snail (Lair:4)
  2 rime drakes
  3 komodo dragons
  2 burning bushes (Lair:4)
  Prince Ribbit (D:7)
  A hornet (Lair:5)
  A slime creature (Lair:4)
  A wraith (D:10)
  6 wyverns
  10 yaks
  A basilisk (Lair:1)
  3 nagas (Lair:3)
  5 water moccasins
  9 orc warriors (Bailey)
  A black bear (Lair:1)
  An ice beast (D:7)
  A centaur (D:10)
  A kobold brigand (D:9)
  4 bullfrogs
  3 wights (D:8)
  5 killer bees
  A howler monkey (D:10)
  2 orc priests
  3 hell rats (Lair:5)
  An orc wizard (D:9)
  2 gnolls
  11 orcs
  2 goblins (D:8)
  A kobold (D:9)
103 creatures vanquished.

Vanquished Creatures (others)
  14 battlemagi
  3 ancestors (D:7)
  31 fungi
  28 plants
76 creatures vanquished.

Grand Total: 354 creatures vanquished

Notes
Turn   | Place    | Note
-------+----------+-------------------------------------------
     0 | D:1      | Lutefisk the Octopode Transmuter began the quest for the
                  | Orb.
     0 | D:1      | Reached XP level 1. HP: 13/13 MP: 3/3
   167 | D:1      | Reached skill level 1 in Stealth
   343 | D:1      | Reached XP level 2. HP: 14/18 MP: 5/5
   406 | D:1      | Learned a level 2 spell: Wereblood
   599 | D:2      | Reached XP level 3. HP: 24/24 MP: 6/6
   714 | D:2      | Learned a level 3 spell: Spider Form
  1120 | D:3      | Found an iron altar of Okawaru.
  1131 | D:3      | Found a snail-covered altar of Cheibriados.
  1159 | D:3      | Reached skill level 1 in Poison Magic
  1159 | D:3      | Reached XP level 4. HP: 17/30 MP: 3/7
  1297 | D:4      | Found Oshro's Armour Boutique.
  1319 | D:4      | Noticed a centaur
  1347 | D:4      | Killed a centaur
  1348 | D:4      | Reached XP level 5. HP: 3/36 MP: 5/8
  2443 | D:3      | Found a shimmering blue altar of Sif Muna.
  2683 | D:3      | Reached XP level 6. HP: 40/43 MP: 6/9
  2971 | D:5      | Entered Level 5 of the Dungeon
  2971 | D:5      | Found Nuaryel's Jewellery Boutique.
  2999 | D:4      | Found Vepliwu's Weapon Boutique.
  3010 | D:4      | Bought 3 poisoned darts for 12 gold pieces
  3087 | D:5      | Reached skill level 4 in Unarmed Combat
  3105 | D:5      | Found Witif's Armour Shoppe.
  3228 | D:5      | Found an ornate altar of the Wu Jian Council.
  3268 | D:5      | Noticed a steam dragon
  3278 | D:5      | Killed a steam dragon
  3279 | D:5      | Reached skill level 5 in Unarmed Combat
  3279 | D:5      | Reached XP level 7. HP: 7/48 MP: 6/10
  3511 | D:5      | Identified the +1 pair of gloves of the Kraken {rElec rF+
                  | Will+}
  3536 | D:5      | Found a staircase to the Ecumenical Temple.
  3542 | Temple   | Entered the Ecumenical Temple
  3603 | Temple   | Became a worshipper of Hepliaklqana the Forgotten
  3627 | D:5      | Reached skill level 6 in Unarmed Combat
  3855 | D:5      | Found a broken altar of Ashenzari.
  3866 | D:5      | Found Buh Ofufo's Antique Armour Shop.
  3950 | D:5      | Reached skill level 5 in Fighting
  4288 | D:6      | Learned a level 4 spell: Ice Form
  4371 | D:6      | Found a blossoming altar of Fedhas.
  4489 | D:6      | Found an opulent altar of Gozag.
  4534 | D:6      | Found a sparkling altar of Nemelex Xobeh.
  4595 | D:7      | Reached * piety under Hepliaklqana
  4656 | D:7      | Noticed a steam dragon
  4662 | D:7      | Killed a steam dragon
  4663 | D:7      | Reached XP level 8. HP: 50/51 MP: 7/11
  4712 | D:7      | Noticed Prince Ribbit
  4727 | D:7      | Killed Prince Ribbit
  4728 | D:7      | Reached skill level 1 in Invocations
  4728 | D:7      | Reached skill level 1 in Evocations
  5033 | D:7      | Found a glowing golden altar of the Shining One.
  5200 | D:7      | Reached skill level 7 in Unarmed Combat
  5262 | D:7      | Noticed a wizard
  5318 | D:7      | Reached XP level 9. HP: 43/57 MP: 8/12
  5411 | D:7      | Killed a wizard
  5492 | D:7      | Reached skill level 8 in Unarmed Combat
  5576 | D:8      | Reached ** piety under Hepliaklqana
  5577 | D:8      | Remembered your ancestor Cuahtemoc as a battlemage
  5584 | D:8      | Found a flagged portal.
  5608 | Bailey   | Entered a bailey
  6535 | Bailey   | Reached skill level 5 in Dodging
  6547 | Bailey   | Reached XP level 10. HP: 64/64 MP: 11/13
  6708 | Bailey   | Noticed an orc knight
  6760 | Bailey   | Killed an orc knight
  6761 | Bailey   | Reached skill level 5 in Stealth
  7047 | D:8      | Reached skill level 9 in Unarmed Combat
  7153 | D:8      | Found a stormy altar of Qazlal.
  7297 | D:8      | Found a sacrificial altar of Ru.
  7364 | D:8      | Noticed a two-headed ogre
  7376 | D:8      | Killed a two-headed ogre
  7638 | D:9      | Found a runed translucent door.
  7638 | D:9      | Noticed Dregs's ghost (novice NaBr)
  7703 | D:9      | Reached skill level 5 in Transmutations
  7752 | D:9      | Found a burning altar of Makhleb.
  7843 | D:9      | Found a staircase to the Lair.
  7871 | D:9      | Reached *** piety under Hepliaklqana
  8051 | D:9      | Learned a level 1 spell: Sandblast
  8085 | D:10     | Entered Level 10 of the Dungeon
  8102 | D:10     | Reached XP level 11. HP: 72/72 MP: 14/14
  8139 | D:10     | Reached skill level 1 in Ice Magic
  8139 | D:10     | Reached skill level 1 in Earth Magic
  8218 | D:10     | Found Hines's Antique Armour Shoppe.
  8266 | D:10     | Noticed Gastronok
  8451 | Lair:1   | Entered Level 1 of the Lair of Beasts
  9121 | Lair:1   | Noticed an eight-headed hydra
  9149 | Lair:1   | Killed an eight-headed hydra
  9192 | Lair:1   | Reached **** piety under Hepliaklqana
  9378 | Lair:2   | Noticed a six-headed hydra
  9379 | Lair:2   | Noticed Maggie
  9419 | Lair:2   | Killed Maggie
  9432 | Lair:2   | Killed a six-headed hydra
  9433 | Lair:2   | Reached skill level 10 in Unarmed Combat
  9637 | Lair:2   | Noticed a boulder beetle
  9657 | Lair:2   | Killed a boulder beetle
  9658 | Lair:2   | Reached skill level 10 in Fighting
  9658 | Lair:2   | Reached XP level 12. HP: 78/78 MP: 16/16
  9683 | Lair:2   | Learned a level 2 spell: Passwall
  9851 | Lair:3   | Found a staircase to the Swamp.
  9867 | Lair:3   | Reached skill level 10 in Dodging
  9948 | Lair:3   | Found a staircase to the Snake Pit.
  9964 | Lair:3   | Reached skill level 5 in Evocations
  9976 | Lair:3   | Reached ***** piety under Hepliaklqana
 10160 | Lair:4   | Found a dark tunnel.
 10289 | Volcano  | Entered a volcano
 10508 | Volcano  | Reached skill level 5 in Invocations
 10617 | Volcano  | Noticed a hell knight
 10623 | Volcano  | Killed a hell knight
 10791 | Lair:4   | Found a staircase to the Slime Pits.
 10805 | Lair:4   | Found a viscous altar of Jiyva.
 11052 | Lair:4   | Found a glowing golden altar of the Shining One.
 11145 | Lair:4   | Noticed Snorg
 11345 | Lair:4   | Killed Snorg
 11346 | Lair:4   | Reached skill level 11 in Unarmed Combat
 11467 | Lair:4   | Noticed a four-headed hydra
 11475 | Lair:4   | Killed a four-headed hydra
 11591 | Lair:5   | Entered Level 5 of the Lair of Beasts
 11602 | Lair:5   | Reached XP level 13. HP: 32/82 MP: 19/19
 11855 | Lair:5   | Reached skill level 12 in Unarmed Combat
 12068 | Lair:5   | HP: 1/85 [poisoned by a black mamba]
 12069 | Lair:5   | Succumbed to a black mamba's poison

Illustrated notes

Levels and vault maps discovered:
D:1:      psy_arrival_whirlpool, layout_loops_ring,
          shapermc_ecumenical_altar_mp_highgroup, kennysheep_another_room
D:2:      layout_basic, chequers_jeans, minmay_small_reverse_x
D:3:      layout_basic, mainiacjoe_overflow_surrounded_room,
          nicolae_uskayaw_en_pointe, minitemple, uniq_grinder
D:4:      layout_basic, serial_shops, nicolae_shop_behind_doors,
          nicolae_lakefront_shop, chequers_serial_rivers_micro_d
D:5:      layout_rooms, ashenzari_altar_1, nzn_wu_jian_contemplation,
          minmay_temple_entry_metal_lava, serial_shops,
          nicolae_shop_advertising_works [nicolae_subvault_shop_adworks], shop,
          nicolae_shop_statue_plus
D:6:      layout_loops_ring, mainiacjoe_overflow_concentric_impassable,
          nemelex_xobeh_ov_fountains_minmay, trog_butcher_becter,
          mainiacjoe_overflow_brackets
D:7:      cheibrodos_wizards_tower, layout_cave_pods, overflow_temple_1_default,
          uniq_prince_ribbit1
D:8:      layout_loops_corners, mainiacjoe_overflow_alcove_1,
          kennysheep_mini_moat, zin_scriptorium, enter_bailey_7
D:9:      layout_irregular_city, kennysheep_little_box, lair_entry_dummy,
          hellmonk_ghost_happy_afterlife
D:10:     layout_basic, serial_shops, nicolae_shop_hallway_plus,
          hangedman_abyss_or_decor_stabs, grunt_decor_fettered, uniq_gastronok
Temple:   nicolae_temple_great_sept
Lair:1:   layout_cave_pods
Lair:2:   minmay_guarded_unrand_snakebite, layout_hall_layers, ldierk_geyser,
          dreamdust_mushroom_princess, st_stairs_6, lemuel_fruit_tree,
          uniq_maggie
Lair:3:   layout_roguey, swamp_mist, minmay_snake_entry_guardpost_medium,
          minmay_holes, grunt_megastairs_3
Lair:4:   layout_layer_cave, minmay_slime_entry_pillars, basic_altar,
          nicolae_volcano_entry_lava_flow, evilmike_ambush
          [evilmike_ambush_outer_basic, evilmike_ambush_inner_basic],
          infiniplex_staircase_pool, uniq_snorg
Lair:5:   hangedman_lair_tendril_chambers, layout_regular_city, st_stairs_13,
          kennysheep_rathole

Skill      XL: |  1  2  3  4  5  6  7  8  9 10 11 12 13 |
---------------+----------------------------------------+-----
Stealth        | 1 2 3 4 5 |  5.0
Fighting       | 2 3 4 5 7 8 9 10 11 | 11.0
Poison Magic   | 1 2 |  2.0
Transmutations | 3 4 6 8 |  8.0
Unarmed Combat | 5 6 7 8 9 10 11 12 | 12.0
Invocations    | 1 2 4 5 |  5.0
Evocations     | 1 4 5 |  5.0
Dodging        | 3 5 7 9 10 | 10.7
Ice Magic      | 1 |  1.0
Earth Magic    | 3 |  3.0
Spellcasting   | 3 4 |  4.0

Action                   |  1- 3 |  4- 6 |  7- 9 | 10-12 | 13-15 || total
-------------------------+-------+-------+-------+-------+-------++-------
Melee: Unarmed           |    82 |   120 |   150 |   118 |    42 ||   512
       Constrict         |    23 |    22 |     2 |       |       ||    47
       Tentacles         |    20 |    14 |     4 |       |       ||    38
       Punch             |     5 |     5 |     1 |       |       ||    11
       Kick              |    12 |    25 |     3 |       |       ||    40
 Fire: Arbalest          |       |       |       |   173 |     7 ||   180
Throw: Dart              |       |       |     6 |    16 |       ||    22
       Throwing net      |       |       |       |     1 |       ||     1
 Cast: Beastly Appendage |     8 |    11 |     2 |     1 |       ||    22
       Spider Form       |     1 |     6 |    26 |    27 |     2 ||    62
       Ice Form          |       |       |       |     6 |     3 ||     9
       Sandblast         |       |       |       |     1 |       ||     1
Invok: Recall Ancestor   |       |       |     1 |     3 |       ||     4
       Ancestor Life: Ba |       |       |     1 |       |       ||     1
       Idealise          |       |       |       |     3 |       ||     3
 Abil: End Transformatio |       |       |       |     1 |       ||     1
Evoke: Wand              |       |       |     8 |       |       ||     8
  Use: Scroll            |       |     7 |     6 |     6 |     1 ||    20
       Potion            |       |     3 |     3 |     3 |     4 ||    13
 Stab: Sleeping          |     6 |     5 |     6 |     1 |       ||    18
       Paralysed         |       |       |     3 |       |       ||     3
       Distracted        |       |       |       |     3 |     1 ||     4
Armor: Skin              |     4 |     8 |     7 |     9 |     7 ||    35
Dodge: Dodged            |    44 |    76 |   175 |   134 |    34 ||   463
